 Dungeon Crawl Stone Soup version 0.28.0-43-g3370ac3207 (webtiles) character file.

Game seed: 3637093518293898428

119 Kaptain the Digger (level 5, -2/30 HPs)
             Began as a Gargoyle Earth Elementalist on Mar 26, 2022.
             Slain by Duvessa
             ... wielding a +2 short sword of speed
              (9 damage)
             ... on level 4 of the Dungeon.
             The game lasted 00:05:29 (3117 turns).

Kaptain the Digger (Gargoyle Earth Elementalist)    Turns: 3117, Time: 00:05:29

Health: -2/30      AC:  6    Str: 17    XL:     5   Next: 3%
Magic:  0/9        EV: 12    Int: 18    God:
Gold:   177        SH:  0    Dex: 10    Spells: 5/9 levels left

rFire   . . .      SeeInvis .   f - +0 rapier
rCold   . . .      Faith    .   (no shield)
rNeg    + . .      Spirit   .   b - +0 robe
rPois   ∞          Reflect  .   (no helmet)
rElec   +          Harm     .   (no cloak)
rCorr   .          Rampage  .   (no gloves)
Will    .....                   (no boots)
Stlth   ++........              (no amulet)
HPRegen 0.10/turn               t - +6 ring of strength
MPRegen 0.11/turn               (no ring)

@: hasted, very quick
A: sickness immunity, AC +4, negative energy resistance 1, electricity
resistance, torment resistance 1, petrification resistance
a: no special abilities


You were on level 4 of the Dungeon.
You visited 1 branch of the dungeon, and saw 4 of its levels.

You collected 177 gold pieces.

Inventory:

Hand Weapons
 f - a +0 rapier (weapon)
 s - a +2 dagger of venom
 w - a +0 trident
Missiles
 i - 28 sling bullets
 q - 57 stones
Armour
 b - a +0 robe (worn)
 n - the +1 chain mail of Untruth {rF- rN+++ MP+9 Dex+5}
   (You found it on level 2 of the Dungeon)

   Dex:       It affects your dexterity (+5).
   rF:        It makes you vulnerable to fire.
   rN:        It renders you almost immune to negative energy.
   MP:        It affects your magic capacity (+9).
Jewellery
 t - a +6 ring of strength (left hand)
Wands
 r - a wand of paralysis (14)
Scrolls
 a - 2 scrolls of identify {unknown}
 d - 2 scrolls of immolation {unknown}
 h - 2 scrolls of magic mapping {unknown}
 m - a scroll of noise {unknown}
 o - a scroll of enchant weapon {unknown}
 u - a scroll of blinking {unknown}
 v - a scroll of fear {unknown}
Potions
 c - a potion of magic {unknown}
 e - a potion of attraction {unknown}
 g - a potion of cancellation {unknown}
 j - a potion of curing {unknown}
 k - a potion of haste
 l - a potion of heal wounds {unknown}
 p - a potion of mutation {unknown}
 x - a potion of lignification {unknown}


   Skills:
 * Level 1.8 Fighting
 + Level 1.2 Armour
 + Level 2.0 Dodging
 - Level 2.1 Stealth
 * Level 2.8 Spellcasting
 * Level 1.9 Conjurations
 - Level 0.7 Transmutations
 * Level 4.3 Earth Magic


You had 5 spell levels left.
You knew the following spells:

 Your Spells              Type           Power      Damage    Failure   Level
a - Sandblast             Erth           36%        2d10      2%          1
b - Stone Arrow           Conj/Erth      26%        3d8       14%         3

Your spell library contained the following spells:

 Spells                   Type           Power      Damage    Failure   Level
 Passwall                 Tmut/Erth      9%         N/A       9%          2
 Shock                    Conj/Air       24%        1d4       11%         1
 Animate Skeleton         Necr           4%         N/A       17%         1
 Pain                     Necr           8%         1d4       17%         1
 Ensorcelled Hibernation  Hex/Ice        4%         N/A       26%         2
 Spider Form              Tmut/Pois      3%         N/A       41%         3
 Swiftness                Air            2%         N/A       45%         3
 Vampiric Draining        Necr           2%         2d6       45%         3
 Petrify                  Tmut/Erth      11%        N/A       52%         4
 Airstrike                Air            1%         N/A       86%         4
 Anguish                  Hex/Necr       1%         N/A       86%         4


Dungeon Overview and Level Annotations

Branches:
Dungeon (4/15)
 Temple: D:4-7

Altars:
Ashenzari
Okawaru
The Shining One

Shops:
D:1 *   D:3 :

Annotations:
D:4 Dowan, Duvessa


Innate Abilities, Weirdness & Mutations

You are immune to sickness and miasma.
Your stone body is resilient. (AC +4)
You are immune to poison.
You resist negative energy. (rN+)
You are resistant to electric shocks. (rElec)
You are resistant to unholy torment.
You are immune to petrification.


Message History

Duvessa and Dowan come into view.
Duvessa is wielding a +2 short sword of speed.
Duvessa shouts!
Dowan shouts!
Dowan gestures at Duvessa while chanting.
Duvessa seems to speed up.
Duvessa closely misses you.
Duvessa shouts, "You can run, but you cannot escape us forever!"
Duvessa hits you with a +2 short sword of speed!
Duvessa completely misses you.
Casting: Sandblast (safe; 2% risk of failure)
Confirm with . or Enter, or press ? or * to list all spells.
Aiming: Stone Arrow (quite dangerous; 14% risk of failure)
Press: ? - help, Shift-Dir - straight line, f - Duvessa
Aim: Duvessa, wielding a +2 short sword of speed and wearing a +0 ring mail (fast, 77% to hit)
The stone arrow hits Duvessa.
Duvessa is lightly wounded.
Duvessa hits you with a +2 short sword of speed. x2
Dowan gestures wildly while chanting.
Dowan blinks!
Duvessa misses you.
Casting: Stone Arrow (quite dangerous; 14% risk of failure)
Confirm with . or Enter, or press ? or * to list all spells.
Aiming: Stone Arrow (quite dangerous; 14% risk of failure)
Press: ? - help, Shift-Dir - straight line, f/p - Duvessa
Aim: Duvessa, wielding a +2 short sword of speed and wearing a +0 ring mail (lightly wounded, fast, 77% to hit)
The stone arrow hits Duvessa!
Duvessa is heavily wounded.
Duvessa hits you with a +2 short sword of speed!
* * * LOW HITPOINT WARNING * * *
Duvessa misses you.
Casting: Stone Arrow (quite dangerous; 14% risk of failure)
Confirm with . or Enter, or press ? or * to list all spells.
Aiming: Stone Arrow (quite dangerous; 14% risk of failure)
Press: ? - help, Shift-Dir - straight line, f/p - Duvessa
Aim: Duvessa, wielding a +2 short sword of speed and wearing a +0 ring mail (heavily wounded, fast, 77% to hit)
The stone arrow hits Duvessa!
Duvessa is severely wounded.
Duvessa hits you but does no damage. Duvessa closely misses you.
It was a potion of haste.
You feel yourself speed up.
Duvessa hits you with a +2 short sword of speed!
You die...

........# ........#
..#..#..# ...#....#
#..#...# #..#..# #....#
#..#...########
#..#....e@...#
...#...#######.##
.#..#..)#####..)#
..#..#.....)....# .
.#....####[...#### #
.#.. #.........######
#..#..##..)............
.................####
###..####....#.#.#


You could see Duvessa (fast).

Vanquished Creatures
  A gnoll (D:1)
  An adder (D:2)
  3 worms
  A dart slug (D:2)
  6 orcs
  3 endoplasms
  2 giant cockroaches (D:3)
  7 goblins
  5 hobgoblins
  5 jackals
  7 kobolds
  4 quokkas
  5 ball pythons
  5 bats
  2 frilled lizards
  26 rats
83 creatures vanquished.

Notes
Turn   | Place    | Note
-------+----------+-------------------------------------------
     0 | D:1      | Kaptain the Gargoyle Earth Elementalist began the quest for
                  | the Orb.
     0 | D:1      | Reached XP level 1. HP: 10/10 MP: 3/3
   154 | D:1      | Noticed a troll
   316 | D:1      | Noticed an eye of devastation
   331 | D:1      | Reached XP level 2. HP: 16/16 MP: 1/5
   473 | D:1      | Found a faded altar of an unknown god.
   475 | D:1      | Noticed a shining eye
   479 | D:1      | Noticed a golden eye
   484 | D:1      | Noticed a golden eye
   771 | D:1      | Reached skill level 1 in Fighting
  1034 | D:1      | Found Ugyefah's General Store.
  1057 | D:1      | Reached XP level 3. HP: 19/20 MP: 6/6
  1061 | D:1      | Learned a level 3 spell: Stone Arrow
  1148 | D:1      | Reached skill level 1 in Conjurations
  1287 | D:2      | Reached skill level 4 in Earth Magic
  1443 | D:2      | Reached XP level 4. HP: 25/25 MP: 2/7
  1544 | D:2      | Identified the +1 chain mail of Untruth {rF- rN+++ MP+9
                  | Dex+5}
  1833 | D:2      | Reached skill level 1 in Armour
  2399 | D:3      | Found Zyaver's Book Shoppe.
  2743 | D:3      | Found a glowing golden altar of the Shining One.
  2743 | D:3      | Found an iron altar of Okawaru.
  2752 | D:3      | Found a broken altar of Ashenzari.
  2914 | D:4      | Reached XP level 5. HP: 27/30 MP: 2/9
  3106 | D:4      | Noticed Duvessa
  3106 | D:4      | Noticed Dowan
  3117 | D:4      | Slain by Duvessa

Illustrated notes

Levels and vault maps discovered:
D:1:      erik_arrival_cave_to_civilisation [erik_arrival_cave_to_temple],
          layout_basic, serial_shops, shop,
          hellmonk_ecumenical_altar_watching_god, minivault_19
D:2:      layout_basic, minmay_rat_hole
D:3:      layout_rooms, minitemple, serial_glass, glass_columns_a,
          glass_columns_a, due_unseen_surprise, minmay_strange_pillars,
          serial_shops, shop
D:4:      layout_loops_ring, minmay_temple_entry_poolview,
          grunt_decor_resistance, kennysheep_diamond,
          minmay_misc_feat_diagonals, minmay_quadrilaterals, uniq_duvessa

Skill      XL: |  1  2  3  4 |
---------------+-------------+-----
Fighting       | 1 |  1.8
Conjurations   | 1 |  1.9
Earth Magic    | 4 |  4.3
Armour         | 1 |  1.2
Dodging        | 2 |  2.0
Stealth        | |  2.1
Spellcasting   | |  2.8
Transmutations | |  0.7

Action                   |  1- 3 |  4- 6 || total
-------------------------+-------+-------++-------
Melee: Unarmed           |     7 |       ||     7
       Short sword       |    29 |       ||    29
       Punch             |     1 |     2 ||     3
       Rapier            |       |   105 ||   105
 Cast: Sandblast         |    38 |    19 ||    57
       Stone Arrow       |       |     3 ||     3
  Use: Potion            |       |     1 ||     1
 Stab: Distracted        |       |     1 ||     1
       Sleeping          |       |     1 ||     1
Armor: Robe              |    13 |    40 ||    53
Dodge: Dodged            |    51 |    79 ||   130
